AoeStats
← Joaquito

Arena

507660097Analyzed
3v3 RM · 12d ago on Sep 19, 2026· 51m 12s· 6 players
Game mode
Random Map
Map size
Normal (6 player)
Population
200
Speed
Normal
Resources
Standard
Victory
Conquest
Starting age
Dark Age
Ending age
Imperial Age
RankedLock teamsTeams togetherTeam positionsShared explorationLock speedFull tech treeHidden civsTurbo modeCheats
Victory
Defeat
🇦🇷 Goths · Argentina
1221
+13
🇨🇱 Ethiopians · Chile
1130
+17
🇨🇱 Cumans · Chile
1105
+18
🇨🇦 Persians · Canada
1269
-22
🇨🇴 Saracens · Colombia
1134
-15
🇨🇴 Byzantines · Colombia
1030
-11
Yepes
7:40 Loom
11:22 Feudal Age
13:23 Double-Bit Axe
16:18 Castle Age
15:34 Horse Collar
23:18 Heavy Plow
24:26 Fletching
26:05 Wheelbarrow
27:11 Bow Saw
26:49 Man-at-Arms
29:03 Gold Mining
29:32 Hand Cart
32:35 Imperial Age
30:40 Bodkin Arrow
30:45 Padded Archer Armor
32:12 Gold Shaft Mining
31:28 Stone Mining
32:38 Ballistics
32:36 Elite Skirmisher
34:33 Chemistry
34:44 Two-Man Saw
34:10 Bracer
34:26 Leather Archer Armor
34:30 Murder Holes
34:43 Thumb Ring
35:19 Conscription
36:09 Onager
36:47 Town Watch
38:09 Herbal Medicine
41:56 Ring Archer Armor
41:31 Scale Barding Armor
41:37 Forging
43:03 Capped Ram
43:25 Light Cavalry
44:16 Bloodlines
44:06 Husbandry
44:28 Chain Barding Armor
44:02 Hussar
48:10 Iron Casting
48:09 Siege Ram
trashypanda
11:11 Feudal Age
12:01 Double-Bit Axe
13:49 Horse Collar
16:17 Scale Barding Armor
16:22 Forging
22:59 Castle Age
23:54 Bow Saw
23:46 Heavy Plow
24:14 Light Cavalry
24:56 Husbandry
25:52 Chain Barding Armor
26:07 Iron Casting
27:27 Wheelbarrow
27:15 Bloodlines
31:02 Hand Cart
42:22 Loom
ConejoMalo
10:28 Feudal Age
11:34 Double-Bit Axe
14:11 Fletching
22:15 Castle Age
21:14 Padded Archer Armor
22:36 Crossbowman
23:46 Bow Saw
36:50 Loom
cacadecaca38
10:58 Feudal Age
11:35 Double-Bit Axe
13:06 Gold Mining
25:48 Horse Collar
26:52 Wheelbarrow
30:56 Castle Age
31:49 Capped Ram
32:47 Hand Cart
35:33 Bow Saw
36:03 Gold Shaft Mining
35:32 Heavy Plow
36:24 Elite Skirmisher
37:10 Thumb Ring
38:48 Fletching
38:59 Padded Archer Armor
39:32 Bodkin Arrow
41:37 Ballistics
41:34 Leather Archer Armor
47:20 Imperial Age
47:16 Scale Barding Armor
47:22 Forging
47:44 Siege Ram
48:59 Ring Archer Armor
48:46 Bloodlines
50:11 Chemistry
Joaquito
7:36 Loom
9:32 Feudal Age
11:17 Double-Bit Axe
14:01 Gold Mining
18:34 Wheelbarrow
23:24 Castle Age
23:27 Crossbowman
24:18 Thumb Ring
24:26 Horse Collar
25:04 Fletching
25:15 Padded Archer Armor
26:28 Bow Saw
27:46 Leather Archer Armor
27:28 Bodkin Arrow
27:48 Leather Archer Armor
28:43 Hand Cart
28:34 Scale Mail Armor
30:39 Gold Shaft Mining
30:10 Heavy Plow
30:37 Ballistics
33:18 Town Watch
36:16 Imperial Age
34:33 Stone Mining
36:23 Arbalester
37:12 Bracer
37:42 Ring Archer Armor
40:24 Conscription
40:07 Royal Heirs
40:28 Elite Skirmisher
42:31 Two-Man Saw
41:33 Town Patrol
42:14 Stone Shaft Mining
49:35 Chemistry
48:46 Masonry
48:32 Murder Holes
Federati
10:02 Feudal Age
10:35 Loom
14:46 Man-at-Arms
17:56 Scale Mail Armor
22:27 Castle Age
20:12 Horse Collar
23:11 Gold Mining
22:44 Long Swordsman
23:26 Squires
23:43 Chain Mail Armor
23:40 Forging
24:29 Double-Bit Axe
25:25 Pikeman
29:53 Heavy Plow
30:52 Iron Casting
35:19 Wheelbarrow
37:33 Hand Cart
43:41 Imperial Age
43:51 Two-Handed Swordsman
44:35 Champion
48:51 Blast Furnace
Connection lost

Rejoining the realm…

Still unreachable

The connection could not be restored.

Session expired

The server has moved on; the page needs a fresh start.